AoeStats
← blabla

Lombardia

507199918Analyzed
4v4 RM · 14d ago on Sep 17, 2026· 33m 33s· 8 players
Game mode
Random Map
Map size
Large (8 player)
Population
200
Speed
Normal
Resources
Standard
Victory
Conquest
Starting age
Dark Age
Ending age
Imperial Age
RankedLock teamsTeams togetherTeam positionsShared explorationLock speedFull tech treeHidden civsTurbo modeCheats
Victory
Defeat
🇦🇷 Britons · Argentina
1412
+15
🇦🇷 Saracens · Argentina
1410
+15
🇦🇷 Persians · Argentina
1380
+16
🇦🇷 Ethiopians · Argentina
1364
+16
🇺🇸 Mongols · United States
1421
-17
🇵🇪 Magyars · Peru
1397
-16
🇵🇪 Goths · Peru
1391
-16
🇹🇷 Spanish · Türkiye
1328
-13
Turkalibx
5:10 Loom
11:15 Feudal Age
12:24 Loom
16:59 Castle Age
15:14 Padded Archer Armor
16:20 Double-Bit Axe
17:16 Horse Collar
30:30 Bow Saw
31:41 Leather Archer Armor
Meowth
7:16 Loom
9:19 Feudal Age
10:03 Double-Bit Axe
10:50 Man-at-Arms
18:43 Horse Collar
23:15 Scale Mail Armor
30:24 Fletching
Eevee Queen
6:32 Loom
9:28 Feudal Age
13:41 Scale Barding Armor
17:34 Double-Bit Axe
20:00 Horse Collar
23:57 Castle Age
23:22 Gold Mining
24:25 Bloodlines
24:58 Husbandry
petarded
8:58 Loom
10:44 Feudal Age
12:09 Double-Bit Axe
12:08 Horse Collar
18:56 Castle Age
18:25 Stone Mining
19:18 Gold Mining
21:05 Bloodlines
22:30 Bow Saw
23:38 Fletching
23:48 Padded Archer Armor
24:49 Wheelbarrow
25:53 Bodkin Arrow
26:17 Leather Archer Armor
26:55 Gold Shaft Mining
27:40 Ballistics
28:41 Hand Cart
28:54 Husbandry
28:14 Light Cavalry
31:36 Scale Barding Armor
31:43 Forging
Rey Escorpion
6:12 Loom
9:18 Feudal Age
14:12 Padded Archer Armor
14:45 Fletching
26:15 Castle Age
26:24 Crossbowman
27:12 Bodkin Arrow
29:49 Wheelbarrow
29:49 Leather Archer Armor
blabla
9:09 Loom
11:12 Feudal Age
16:19 Castle Age
20:10 Double-Bit Axe
25:04 Scale Barding Armor
27:42 Bloodlines
28:14 Husbandry
30:34 Chain Barding Armor
31:04 Wheelbarrow
32:36 Forging
33:45 Bow Saw
Michael J. Saylor
7:14 Loom
9:26 Feudal Age
9:59 Double-Bit Axe
17:58 Horse Collar
19:48 Bloodlines
20:10 Scale Barding Armor
25:06 Castle Age
25:30 Forging
25:55 Husbandry
26:21 Chain Barding Armor
26:16 Bow Saw
27:30 Gold Mining
27:54 Light Cavalry
31:20 Heavy Plow
33:18 Wheelbarrow
Hitokiri
6:10 Loom
8:46 Feudal Age
11:59 Fletching
22:06 Castle Age
20:59 Double-Bit Axe
22:23 Padded Archer Armor
22:17 Gold Mining
22:08 Horse Collar
22:09 Crossbowman
26:51 Ballistics
29:21 Bow Saw
30:07 Thumb Ring
30:45 Town Watch
Connection lost

Rejoining the realm…

Still unreachable

The connection could not be restored.

Session expired

The server has moved on; the page needs a fresh start.